 Dungeon Crawl Stone Soup version 0.20-a0-446-g9649680 (webtiles) character file.

14912 M4edhros the Covert (level 12, 0/89 HPs)
             Began as an Octopode Artificer on Jan 6, 2017.
             Was an Elder of Fedhas.
             Succumbed to a spiny frog's poison
             ... on level 1 of the Lair of Beasts on Jan 8, 2017.
             The game lasted 00:32:46 (14525 turns).

M4edhros the Covert (Octopode Artificer)           Turns: 14525, Time: 00:32:47

Health: 0/89       AC:  4    Str: 10 (11) XL:     12   Next: 21%
Magic:  3/19       EV: 18    Int: 11      God:    Fedhas [****..]
Gold:   519        SH:  8    Dex: 17 (18) Spells: 6/11 levels left

rFire  + + +     SeeInvis .     U - +1 short sword (elec)
rCold  . . .     Gourm    .     v - +2 buckler
rNeg   . . .     Faith    .     (helmet restricted)
rPois  .         Spirit   +     o - amulet of guardian spirit
rElec  .         Reflect  .     C - +3 ring of protection
rCorr  .         Harm     .     G - ring of protection from fire
MR     ++...                    K - ring of protection from magic
Stlth  +++++++...               j - ring of protection from fire
                                (no ring)
                                (no ring)
                                (no ring)
                                (no ring)

@: lethally poisoned (0 -> -6), very slightly contaminated, hasted, very quick
A: almost no armour, stealthy swim, amphibious, 8 rings, constrict 8, tentacle
spike 1, camouflage 1, blurry vision 1, deterioration 1, dopey 1, fire
resistance 1, magic resistance 1, robust 1, screaming 1, gelatinous body 1,
evolution 1
a: Fungal Bloom, Evolution, Sunlight, Growth, Reproduction, Renounce Religion


You were on level 1 of the Lair of Beasts.
You worshipped Fedhas.
Fedhas was greatly pleased with you.
You were not hungry.

You visited 3 branches of the dungeon, and saw 14 of its levels.
You also visited: Ice Cave.

You collected 617 gold pieces.
You spent 98 gold pieces at shops.

Inventory:

Hand Weapons
 m - a cursed +2 short sword of freezing
 n - a +1 trident of distortion
 u - a +3 eveningstar of venom
 H - the +3 mace of Fate {freeze, rPois MR++ Str+4 Int-3}
   (You found it on level 5 of the Dungeon)

   It has been specially enchanted to freeze those struck by it, causing extra
   injury to most foes and up to half again as much damage against particularly
   susceptible opponents.
   It can also slow down cold-blooded creatures.
   It affects your strength (+4).
   It affects your intelligence (-3).
   It protects you from poison.
   It affects your resistance to hostile enchantments.
 S - a +3 hunting sling of chaos
 U - a +1 short sword of electrocution (weapon)
 V - the +1 trident of Zin's Envy {pierce, +Inv rPois rC- Str+2}
   (You found it on level 9 of the Dungeon)

   It inflicts extra damage upon your enemies.
   It affects your strength (+2).
   It makes you vulnerable to cold.
   It protects you from poison.
   It lets you turn invisible.
Missiles
 g - 321 stones (quivered)
 T - 163 sling bullets
Armour
 v - a +2 buckler (worn)
 A - a +0 shield
Jewellery
 j - a ring of protection from fire (on tentacle)
 o - an amulet of guardian spirit (around mantle)
 C - a +3 ring of protection (left tentacle)
 G - a ring of protection from fire (right tentacle)
 K - a ring of protection from magic (on tentacle)
Wands
 b - a wand of flame (0/48)
 c - a wand of enslavement (0/24)
 d - a wand of random effects (10/48)
 q - a wand of random effects (34/48)
 z - a wand of polymorph (8/24)
 B - a wand of confusion (0/48)
 F - a wand of iceblast (6/15)
 I - a wand of polymorph (19/24)
 J - a wand of disintegration (0/24)
 O - a wand of paralysis (12/24)
 Q - a wand of polymorph (10/24)
 W - a wand of disintegration (8/24)
Scrolls
 a - 3 scrolls of magic mapping
 i - 4 scrolls of remove curse
 k - 2 scrolls of teleportation
 p - 2 scrolls of fog
 s - 3 scrolls of enchant armour
 w - 2 scrolls of immolation
 y - a scroll of amnesia
 E - a scroll of blinking
Potions
 h - 2 potions of brilliance
 L - a potion of might
Books
 M - a book of Minor Magic

   Spells                             Type                      Level
   a - Magic Dart                     Conjuration                  1
   b - Blink                          Translocation                2
   c - Call Imp                       Summoning                    2
   d - Repel Missiles                 Charms/Air                   2
   e - Slow                           Hexes                        2
   f - Conjure Flame                  Conjuration/Fire             3
   g - Mephitic Cloud                 Conjuration/Poison/Air       3
Comestibles
 t - 5 meat rations
 D - 3 bread rations
 X - 12 beef jerkies
 Y - a fruit


   Skills:
 - Level 7.2 Fighting
 - Level 1.0 Short Blades
 + Level 2.4 Maces & Flails
 * Level 4.4 Slings
 - Level 7.1 Dodging
 - Level 14.3 Stealth
 + Level 7.5 Shields
 + Level 1.6 Charms
 + Level 2.0 Air Magic
 + Level 9.6 Invocations
 - Level 3.2 Evocations


You had 6 spell levels left.
You knew the following spells:

 Your Spells              Type           Power        Failure   Level  Hunger
a - Repel Missiles        Chrm/Air       #.....       30%         2    ###....
b - Mephitic Cloud        Conj/Pois/Air  #.......     83%         3    ####...


Dungeon Overview and Level Annotations

Branches:
Dungeon (12/15)            Temple (1/1) D:6            Lair (1/6) D:11
    Orc (0/2) D:9

Altars:
Ashenzari
Cheibriados
Dithmenos
Elyvilon
Fedhas
Hepliaklqana
Kikubaaqudgha
Makhleb
Nemelex Xobeh
Okawaru
Ru
Trog
Uskayaw
Vehumet
Xom
Yredelemnul
Zin
The Shining One

Shops:
D:4 :[   D:5 *

Portals:
Labyrinth: Lair:1


Innate Abilities, Weirdness & Mutations

You cannot wear most types of armour.
You are very stealthy in the water. (Stealth+)
You are amphibious.
You can wear up to eight rings at the same time.
You can use your tentacles to constrict eight enemies at once.
Your skin changes colour to match your surroundings (Stealth+).
Your rubbery body absorbs attacks. (AC +1, EV +1)
One of your tentacles bears a spike.
Scrolls take you a little longer to read.
Your body sometimes deteriorates upon taking damage.
You are dopey. (Int -2)
Your flesh is heat resistant. (rF+)
You are resistant to hostile enchantments. (MR+)
You are robust. (+10% HP)
You occasionally shout uncontrollably at your foes.
You evolve.


Message History

The crocodile dies!
Found a club and a scroll of identify.
Unknown command.
You feel yourself speed up.
* * * LOW HITPOINT WARNING * * *
You feel sick.
Your juvenile weirdfire beast hits the bullfrog!
Your juvenile weirdfire beast closely misses the bullfrog.
Unknown command.
* * * LOW HITPOINT WARNING * * *
You feel sick.
Your juvenile weirdfire beast breathes flames at the spiny frog.
The blast of flame hits the spiny frog.
The spiny frog dies!
The blast of flame hits the spiny frog.
The spiny frog dies!
Your Air Magic skill increases to level 2!
Found an ivory wand.
You die...
Fedhas appreciates your contribution to the ecosystem.

****,****#.####.#.......#####
*,,,,........................
*,,,,........................
*,,,,..?.....................
**,,,,.......................<
*,,,,,........................
**,,,,........................
**,,,,...........(.(..(.....l.
*,,,,,......∩@..HF............
**,,,,.........H.............D
*,,,,........................
*,,,,..).....................
***,*P/......#####..###.#.###
***#........* *#.## ###.#
#........* *..# *#.#
#.......#* **,* *,,* *.......*
*,* **,*


You could see a bullfrog and 2 friendly mutant beasts.

Vanquished Creatures
  Urug (D:11)
  4 ugly things
  A manticore (D:8)
  An ice statue (IceCv)
  A troll (D:9)
  A hornet (D:11)
  A spriggan (D:9)
  A wraith (D:11)
  2 shadows (D:11)
  6 yaks
  Eustachio (D:5)
  A steam dragon (shapeshifter) (D:9)
  2 water moccasins
  3 porcupines (D:11)
  A sky beast (D:3)
  5 orc warriors
  13 ice beasts
  5 black bears
  6 ogres
  A crocodile (D:10)
  4 centaurs
  A gnoll sergeant (D:9)
  13 bullfrogs
  4 scorpions
  2 killer bees (D:11)
  A howler monkey (D:6)
  3 crimson imps
  5 jellies
  2 quasits
  4 bullfrog skeletons
  8 hounds
  10 orc priests
  A centaur skeleton (D:6)
  5 iguanas
  9 orc wizards
  8 worker ants
  A hound zombie (D:7)
  The ghost of M4edhros the Sneak, a weakling OpAr (D:3)
  3 hound skeletons
  A gnoll (D:9)
  15 adders
  2 howler monkey skeletons (D:7)
  3 shadow imps
  An ooze (D:2)
  3 adder skeletons
  A dart slug (D:2)
  6 leopard geckos
  41 orcs
  7 bats
  8 giant cockroaches
  4 goblins
  4 hobgoblins (D:1)
  14 jackals
  10 kobolds
  2 quokkas (D:4)
  3 ball pythons
  3 frilled lizards
  A jackal skeleton (D:6)
  A leopard gecko skeleton (D:4)
  A quokka skeleton (D:6)
  4 rats
277 creatures vanquished.

Vanquished Creatures (collateral kills)
  2 two-headed ogres
  The ghost of M4edhros the Martial Artist, a novice OpNe (D:6)
  Joseph (D:8)
  An ice statue (IceCv)
  A centaur skeleton (D:10)
  2 spiny frogs (Lair:1)
  A troll (D:9)
  A wyvern (D:10)
  A hungry ghost (D:10)
  3 orc warriors
  A phantom (D:9)
  An ice beast (D:10)
  2 centaurs
  2 ogres
  A crocodile (Lair:1)
  4 big kobolds (D:9)
  2 bullfrogs
  3 gnoll sergeants (D:9)
  A scorpion (D:8)
  5 killer bees (D:11)
  2 howler monkeys
  A crimson imp (D:10)
  3 orc priests
  An orc wizard (D:6)
  2 worker ants
  2 iguanas
  A gnoll (D:9)
  13 orcs
  7 jackals
  A ballistomycete spore (D:9)
69 creatures vanquished.

Vanquished Creatures (others)
  A shambling mangrove (D:11)
  8 wandering mushrooms
  Psyche (D:10)
  An ice beast (IceCv)
  A necrophage (D:10)
  A killer bee zombie (D:8)
  2 worker ant zombies (D:10)
  23 fungi
  3 plants (D:11)
  269 toadstools
310 creatures vanquished.

Grand Total: 656 creatures vanquished

Notes
Turn   | Place    | Note
-------+----------+-------------------------------------------
     0 | D:1      | M4edhros the Octopode Artificer began the quest for the Orb.
     0 | D:1      | Reached XP level 1. HP: 13/13 MP: 3/3
    54 | D:1      | Reached skill level 2 in Stealth
   145 | D:1      | Reached XP level 2. HP: 14/18 MP: 4/4
   188 | D:1      | Reached skill level 3 in Stealth
   339 | D:2      | Reached skill level 4 in Stealth
   440 | D:3      | Reached XP level 3. HP: 21/23 MP: 5/5
   493 | D:3      | Noticed M4edhros's ghost (weakling OpAr)
   496 | D:3      | You fall through a shaft for 3 floors!
   522 | D:6      | Reached skill level 5 in Stealth
   643 | D:6      | Reached XP level 4. HP: 14/28 MP: 6/6
   806 | D:6      | Found a staircase to the Ecumenical Temple.
   815 | D:6      | Reached skill level 6 in Stealth
   815 | D:6      | Reached XP level 5. HP: 25/33 MP: 7/7
   818 | Temple   | Entered the Ecumenical Temple
   865 | Temple   | Became a worshipper of Xom of Chaos
   868 | Temple   | XOM: harmless Tloc miscast
   882 | Temple   | Fell from the grace of Xom
   882 | Temple   | Became a worshipper of Fedhas Madash
   911 | D:6      | Reached skill level 7 in Stealth
   947 | D:6      | Reached skill level 8 in Stealth
  1083 | D:6      | Reached XP level 6. HP: 3/38 MP: 8/8
  1118 | D:6      | XOM: 2-stop teleportation journey
  1120 | D:6      | Reached skill level 9 in Stealth
  1482 | D:6      | Reached skill level 10 in Stealth
  1482 | D:6      | Reached XP level 7. HP: 13/43 MP: 9/9
  1624 | D:5      | Entered Level 5 of the Dungeon
  1699 | D:3      | Killed M4edhros's ghost
  1723 | D:2      | Reached * piety under Fedhas
  1904 | D:1      | XOM: medium Conj miscast
  2394 | D:2      | Found a faded altar of an unknown god.
  2638 | D:3      | Reached ** piety under Fedhas
  2894 | D:3      | XOM: medium Divn miscast
  2910 | D:3      | Reached skill level 11 in Stealth
  2910 | D:3      | Reached skill level 1 in Invocations
  3059 | D:4      | Found Jegown Yfiar's Armour Boutique.
  3248 | D:4      | XOM: medium Conj miscast
  3353 | D:4      | XOM: give mutations
  3353 | D:4      | Gained mutation: Your body sometimes deteriorates upon taking damage. [Xom's mischief]
  3353 | D:4      | Gained mutation: Your spells are a little harder to cast, but a little more powerful. [Xom's mischief]
  3353 | D:4      | Gained mutation: You are dopey. (Int -2) [Xom's mischief]
  3353 | D:4      | Lost mutation: Your spells are a little harder to cast, but a little more powerful. [Xom's mischief]
  3795 | D:4      | Reached XP level 8. HP: 48/48 MP: 10/10
  3833 | D:4      | XOM: mild Hex miscast
  3879 | D:4      | XOM: polymorph wandering mushroom -> shambling mangrove
  3948 | D:4      | Found Gizulir's Book Shop.
  4049 | D:4      | XOM: give mutations
  4049 | D:4      | Gained mutation: Scrolls take you a little longer to read. [Xom's mischief]
  4049 | D:4      | Gained mutation: You regenerate slowly when monsters are visible. [Xom's mischief]
  4049 | D:4      | Gained mutation: You are very dopey. (Int -4) [Xom's mischief]
  4049 | D:4      | Gained mutation: You can translocate small distances at will. [Xom's mischief]
  4107 | D:4      | Reached skill level 12 in Stealth
  4466 | D:5      | Noticed Eustachio
  4469 | D:5      | Found Fifudd's General Store.
  4481 | D:5      | Killed Eustachio
  4491 | D:5      | Bought a wand of confusion (9/48) for 98 gold pieces
  5257 | D:5      | XOM: stat loss: -2 Dex (13/15)
  5334 | D:5      | Got an ichor-stained mace
  5335 | D:5      | Identified the +3 mace of Fate {freeze, rPois MR++ Str+4 Int-3} (You found it on level 5 of the Dungeon)
  5464 | D:6      | Reached skill level 13 in Stealth
  5542 | D:6      | Noticed M4edhros's ghost (novice OpNe)
  5548 | D:6      | Killed M4edhros's ghost
  5591 | D:6      | Found a bloodstained altar of Trog.
  5596 | D:6      | Reached XP level 9. HP: 52/53 MP: 12/12
  5602 | D:6      | Reached skill level 5 in Invocations
  5712 | D:6      | Reached skill level 14 in Stealth
  6283 | D:7      | Reached *** piety under Fedhas
  6329 | D:7      | XOM: give mutations
  6329 | D:7      | Gained mutation: You occasionally shout uncontrollably at your foes. [Xom's mischief]
  6329 | D:7      | Gained mutation: Your body often deteriorates upon taking damage. [Xom's mischief]
  6329 | D:7      | Lost mutation: Your body often deteriorates upon taking damage. [Xom's mischief]
  6329 | D:7      | Lost mutation: You can translocate small distances at will. [Xom's mischief]
  6388 | D:7      | Reached skill level 1 in Shields
  6435 | D:7      | XOM: noise
  7298 | D:8      | XOM: noise
  7622 | D:8      | Reached **** piety under Fedhas
  7701 | D:8      | Noticed Joseph
  7715 | D:8      | Killed Joseph
  7715 | D:8      | Reached XP level 10. HP: 31/63 MP: 8/14
  7881 | D:8      | XOM: harmless Chrm miscast
  8041 | D:9      | XOM: silly message
  8205 | D:9      | Found a staircase to the Orcish Mines.
  8250 | D:9      | Reached skill level 5 in Dodging
  8404 | D:9      | Noticed a two-headed ogre
  8411 | D:9      | Killed a two-headed ogre
  8411 | D:9      | Reached skill level 5 in Fighting
  8430 | D:9      | XOM: medium Air miscast
  8645 | D:9      | XOM: medium Erth miscast
  8781 | D:9      | XOM: medium Chrm miscast
  8836 | D:9      | Got a slimy trident
  8837 | D:9      | Identified the cursed +1 trident of Zin's Envy {pierce, +Inv rPois rC- Str+2} (You found it on level 9 of the Dungeon)
  8919 | D:9      | XOM: noise
  8984 | D:9      | XOM: noise
  9031 | D:10     | Entered Level 10 of the Dungeon
  9038 | D:10     | Reached skill level 5 in Shields
  9045 | D:10     | Noticed Psyche
  9053 | D:10     | Your ally died
  9170 | D:10     | XOM: medium Hex miscast
  9211 | D:10     | Noticed a brown ugly thing
  9218 | D:10     | Killed a brown ugly thing
  9225 | D:10     | Gained mutation: One of your tentacles bears a spike. [mutagenic meat]
  9252 | D:10     | Reached XP level 11. HP: 67/72 MP: 17/17
 10010 | D:11     | Gained mutation: Your body often deteriorates upon taking damage. [potion of mutation]
 10010 | D:11     | Lost mutation: Your body often deteriorates upon taking damage. [potion of mutation]
 10011 | D:11     | Gained mutation: You evolve. [potion of mutation]
 10011 | D:11     | Gained mutation: You are resistant to hostile enchantments. (MR+) [potion of mutation]
 10011 | D:11     | Gained mutation: You are robust. (+10% HP) [potion of mutation]
 10033 | D:11     | XOM: mild Divn miscast
 10035 | D:11     | Upgraded the game from 0.20-a0-441-g89e74e4 to 0.20-a0-446-g9649680
 10045 | D:11     | Learned a level 2 spell: Repel Missiles
 10049 | D:11     | Learned a level 3 spell: Mephitic Cloud
 10122 | D:11     | Reached ***** piety under Fedhas
 10145 | D:11     | Found a frozen archway.
 10219 | IceCv    | Entered an ice cave
 10219 | IceCv    | Noticed a white ugly thing
 10225 | IceCv    | HP: 3/81 [ice beast (7)]
 10266 | IceCv    | Killed a white ugly thing
 10270 | IceCv    | XOM: mild Air miscast
 10270 | IceCv    | Was forgiven by Xom
 10271 | IceCv    | HP: 4/81 [something (1)]
 10302 | IceCv    | Gained mutation: Your flesh is heat resistant. (rF+) [mutagenic meat]
 10353 | IceCv    | Lost mutation: You are very dopey. (Int -4) [evolution]
 10618 | IceCv    | Noticed a white ugly thing
 10624 | IceCv    | Killed a white ugly thing
 11043 | D:11     | Noticed Urug
 11057 | D:11     | Killed Urug
 11057 | D:11     | Reached skill level 1 in Slings
 11165 | D:11     | Noticed a purple ugly thing
 11330 | D:11     | Lost mutation: You regenerate slowly when monsters are visible. [evolution]
 11489 | D:11     | Noticed a two-headed ogre
 11603 | D:11     | Killed a two-headed ogre
 11603 | D:11     | Reached skill level 1 in Maces & Flails
 11654 | D:11     | Found a staircase to the Lair.
 11920 | D:11     | Killed a purple ugly thing
 12636 | D:8      | Noticed a manticore
 12701 | D:8      | Reached XP level 12. HP: 88/89 MP: 17/19
 12749 | D:8      | Reached skill level 1 in Charms
 13790 | D:10     | Reached skill level 1 in Air Magic
 14410 | D:12     | Noticed a seven-headed hydra
 14486 | Lair:1   | Entered Level 1 of the Lair of Beasts
 14517 | Lair:1   | Noticed an eight-headed hydra
 14519 | Lair:1   | Found a labyrinth entrance.
 14520 | Lair:1   | HP: 4/89 [poisoned by a spiny frog]
 14524 | Lair:1   | HP: 1/89 [poisoned by a spiny frog]
 14525 | Lair:1   | Succumbed to a spiny frog's poison

Vault maps used:
D:1:      tarquinn_simple_flora_water_e, minmay_three_crescents
D:2:      chequers_ecumenical_altar_lobes, st_stairs_3
D:4:      minmay_door_path, serial_shops, kennysheep_little_box,
          kennysheep_mini, saegor_snake_ambush
D:5:      serial_shops, shop, first_bread, uniq_eustachio
D:6:      basic_altar, mrwooster_statue_mirror
D:8:      serial_bayou_pond_d, uniq_joseph
D:9:      kennysheep_orc_monster_closet_entryway, the_bakery
D:10:     uniq_psyche
D:11:     grunt_lair_entry_orc_guard_hut, portal_ice_cave_entry_ice_beasts,
          evilmike_butchery, uniq_urug
D:12:     cheibrodos_shockbox
Temple:   compressed_dpeg_triangle_lava_temple
Lair:1:   lab_entry_generic
IceCv:    ice_cave_statue_garden_teleport

Skill      XL: |  1  2  3  4  5  6  7  8  9 10 11 12 |
---------------+-------------------------------------+-----
Stealth        | 2 4 5 6 8 10 11 13 14 | 14.3
Invocations    | 2 4 6 8 9 |  9.6
Shields        | 3 5 7 |  7.5
Fighting       | 3 5 7 |  7.2
Dodging        | 4 6 7 |  7.1
Slings         | 3 4 |  4.4
Maces & Flails | 1 2 |  2.4
Charms         | 1 |  1.6
Air Magic      | 2 |  2.0
Short Blades   | |  1.0
Evocations     | |  3.2

Action                   |  1- 3 |  4- 6 |  7- 9 | 10-12 || total
-------------------------+-------+-------+-------+-------++-------
Melee: Short sword       |    35 |    43 |   155 |   132 ||   365
       Constrict         |     9 |    11 |    73 |    45 ||   138
       Tentacles         |     4 |     9 |    63 |    73 ||   149
       Mace              |       |       |   144 |    43 ||   187
       Trident           |       |       |       |    98 ||    98
       Kick              |       |       |       |    69 ||    69
 Fire: Hunting sling     |       |       |       |   227 ||   227
Invok: Fungal Bloom      |       |     5 |    47 |    42 ||    94
       Evolution         |       |       |     2 |     8 ||    10
       Reproduction      |       |       |       |     1 ||     1
       Sunlight          |       |       |       |     5 ||     5
       Growth            |       |       |       |     1 ||     1
Evoke: Wand              |     4 |    12 |     1 |    36 ||    53
       Box of beasts     |       |       |       |     2 ||     2
  Use: Scroll            |       |       |     5 |    25 ||    30
       Potion            |       |       |       |    21 ||    21
 Stab: Sleeping          |     8 |     2 |    36 |     4 ||    50
       Distracted        |       |       |     1 |     2 ||     3
       Paralysed         |       |       |       |     1 ||     1
  Eat: Bread ration      |       |       |     5 |     4 ||     9
       Beef jerky        |       |       |     1 |       ||     1
       Royal jelly       |       |       |     1 |       ||     1
       Chunk             |       |       |       |    10 ||    10
       Pizza             |       |       |       |     2 ||     2
Armor: Skin              |     3 |     2 |    28 |    37 ||    70
Dodge: Dodged            |    16 |    21 |   180 |   304 ||   521
Block: Buckler           |       |       |    56 |   167 ||   223
